 Dungeon Crawl Stone Soup version 0.32-a0-779-g362cfcae2a (webtiles) character file.

Game seed: 12157638151558582451

309 hikkokomori the Trooper (level 6, -5/33 HPs)
             Began as a Vine Stalker Fighter on Mar 19, 2024.
             Slain by a lemure (7 damage)
             ... led by Pikel
             ... on level 4 of the Dungeon.
             The game lasted 00:05:21 (2548 turns).

hikkokomori the Trooper (Vine Stalker Fighter)      Turns: 2548, Time: 00:05:22

Health: -5/33      AC:  8    Str: 20    XL:     6   Next: 41%
Magic:  0/7        EV:  9    Int:  8    God:
Gold:   86         SH:  5    Dex: 14    Spells: 5/5 levels left

rFire   + . .        j - +0 whip
rCold   + . .        c - +0 buckler
rNeg    . . .        n - +1 leather armour {rPois}
rPois   +            g - +1 hat
rElec   .            i - scarf {rC+ rF+}
rCorr   .            t - +2 pair of gloves
SInv    .            (no boots)
Will    .....        (no amulet)
Stlth   +            (no ring)
HPRegen 1.05/turn    (no ring)
MPRegen 0.10/turn

%: guardian spirit
@: mighty
A: fangs 2, regeneration 1, magic shield, antimagic bite, no potion heal 2
a: no special abilities


You were on level 4 of the Dungeon.
You visited 1 branch of the dungeon, and saw 4 of its levels.

You collected 86 gold pieces.

Inventory:

Hand Weapons
 a - a +0 flail
 j - a +0 whip (weapon)
Armour
 b - a +0 scale mail
 c - a +0 buckler (worn)
 g - a +1 hat (worn)
 i - a scarf of resistance (worn)
 n - a +1 leather armour of poison resistance (worn)
 t - a +2 pair of gloves (worn)
Wands
 p - a wand of flame (7)
Scrolls
 e - a scroll of vulnerability {unknown}
 f - 4 scrolls of identify {unknown}
 h - 2 scrolls of enchant armour {unknown}
 k - a scroll of teleportation {unknown}
 m - a scroll of silence {unknown}
 o - a scroll of poison {unknown}
 q - a scroll of fear {unknown}
Potions
 l - a potion of haste {unknown}
 r - a potion of mutation {unknown}
 s - a potion of curing {unknown}


   Skills:
 + Level 4.1 Fighting
 + Level 3.5 Maces & Flails
 - Level 3.0 Armour
 + Level 4.1 Shields


You had 5 spell levels left.
You didn't know any spells.
Your spell library contained the following spells:

 Spells                   Type           Power      Damage    Failure   Level
 Apportation              Tloc           0%         N/A       54%         1
 Necrotise                Necr           0%         1d4       54%         1
 Sting                    Conj/Alch      0%         1d3       54%         1
 Summon Small Mammal      Summ           0%         N/A       54%         1


Dungeon Overview and Level Annotations

Branches:
Dungeon (4/15)
 Temple: D:4-7

Altars:
Dithmenos
Elyvilon
Sif Muna
Trog
Uskayaw
Yredelemnul

Shops:
D:3 :

Annotations:
D:4 Pikel


Innate Abilities, Weirdness & Mutations

You have extremely sharp teeth.
Your natural rate of healing is unusually fast.
When hurt, damage is shared between your health and your magic reserves.
Your bite disrupts and absorbs the magic of your enemies.
Potions cannot restore your health.


Message History

The lemure hits you but does no damage.
You barely miss Pikel.
Pikel is lightly wounded.
You block Pikel's attack. The lemure closely misses you.
You hit Pikel but do no damage.
Pikel hits you with a +0 whip of flaming.
The lemure hits you.
You hit Pikel but do no damage.
Pikel hits you with a +0 whip of flaming.
Pikel burns you. The lemure barely misses you.
You hit Pikel.
Pikel is lightly wounded.
Pikel barely misses you. The lemure hits you.
You closely miss Pikel.
Pikel is lightly wounded.
Pikel hits you but does no damage. The lemure misses you.
You hit Pikel.
Pikel is lightly wounded.
Pikel hits you with a +0 whip of flaming.
Pikel burns you. The lemure hits you.
You closely miss Pikel. You bite Pikel. You drain his power.
You feel invigorated.
Pikel is moderately wounded.
Pikel hits you with a +0 whip of flaming.
The lemure hits you but does no damage.
You feel very mighty all of a sudden.
Pikel hits you with a +0 whip of flaming.
Pikel burns you. The lemure barely misses you.
You miss Pikel. Your bite misses Pikel.
Pikel is moderately wounded.
You block Pikel's attack. The lemure hits you!
* * * LOW HITPOINT WARNING * * *
You whack Pikel!
Pikel is severely wounded.
Pikel hits you with a +0 whip of flaming!
* * * LOW HITPOINT WARNING * * *
Pikel burns you.
* * * LOW HITPOINT WARNING * * *
The lemure hits you!
You die...

#######...######.#
'.............>..#
#######...####.###
# #...####.#### #
#.........#.# #
#.........#.###
#.........#55.
####.........#K#
#.....<......@5#
#......##...####
####......##.###
...#.#.####..###
##...#..<#.....
##########..#
............#
########....# #
##...#..#


You could see Pikel and 3 lemures.

Vanquished Creatures
  A scorpion (D:3)
  A bombardier beetle (D:4)
  A gnoll bouda (D:4)
  An iguana (D:4)
  Natasha (D:4)
  5 adders
  3 ribbon worms
  2 dart slugs
  3 orcs (D:3)
  8 ball pythons
  6 bats
  3 endoplasms
  4 giant cockroaches
  9 goblins
  6 hobgoblins
  3 jackals (D:4)
  3 quokkas
  4 frilled lizards
  10 kobolds
  7 rats
81 creatures vanquished.

Notes
Turn   | Place    | Note
-------+----------+-------------------------------------------
     0 | D:1      | hikkokomori the Vine Stalker Fighter began the quest for
                  | the Orb.
     0 | D:1      | Reached XP level 1. HP: 11/11 MP: 2/2
    84 | D:1      | Reached XP level 2. HP: 16/16 MP: 3/3
   265 | D:1      | Reached XP level 3. HP: 20/20 MP: 4/4
  1097 | D:2      | Found a faded altar of an unknown god.
  1132 | D:3      | Reached XP level 4. HP: 23/24 MP: 5/5
  1296 | D:3      | Found a bloodstained altar of Trog.
  1380 | D:3      | Noticed a scorpion
  1392 | D:3      | Killed a scorpion
  1393 | D:3      | Reached XP level 5. HP: 22/28 MP: 2/6
  1489 | D:3      | Found a shimmering blue altar of Sif Muna.
  1751 | D:3      | Found Pufeiguo's Book Shoppe.
  1912 | D:4      | Noticed Natasha
  1921 | D:4      | Killed Natasha
  1942 | D:4      | Found a basalt altar of Yredelemnul.
  2002 | D:4      | Found a white marble altar of Elyvilon.
  2054 | D:4      | Found a shadowy altar of Dithmenos.
  2097 | D:4      | Reached XP level 6. HP: 33/33 MP: 7/7
  2251 | D:4      | Found a shadowy altar of Dithmenos.
  2364 | D:4      | Found a hide-covered altar of Uskayaw.
  2532 | D:4      | Noticed Pikel
  2548 | D:4      | Slain by a lemure

Illustrated notes

Levels and vault maps discovered:
D:1:      dpeg_arrival_snail, layout_basic, nrook_campfire
D:2:      layout_loops_cross, ebering_ecumenical_altar_box
D:3:      layout_basic, mainiacjoe_overflow_boulevard,
          mainiacjoe_overflow_alcove_4, serial_shops, shop,
          kennysheep_generic_room_2
D:4:      layout_basic, nicolae_dithmenos_shadow_blocks,
          eat_drink_and_be_merry_uskayaw, kennysheep_ying_yang,
          minmay_ruined_shrine, uniq_natasha, uniq_pikel

Skill      XL: |  1  2  3  4  5  6 |
---------------+-------------------+-----
Maces & Flails | 2 3 |  3.5
Fighting       | 3 4 |  4.1
Shields        | 3 4 |  4.1
Armour         | 3 |  3.0

Action                     |  1- 3 |  4- 6 || total
---------------------------+-------+-------++-------
  Melee: Flail             |    55 |       ||    55
         Bite              |    23 |    67 ||    90
         Whip              |    44 |   216 ||   260
    Use: Potion            |       |     1 ||     1
 Armour: Scale mail        |    53 |       ||    53
         Leather armour    |    16 |   120 ||   136
  Dodge: Dodged            |    35 |    89 ||   124
  Block: Buckler           |    24 |    38 ||    62

Table legend: (Time is in decaauts)
 A = Elapsed time spent in this place.
 B = Non-inter-level travel time spent in this place.
 C = Inter-level travel time spent in this place.
 D = Time resting spent in this place.
 E = Time spent auto-exploring this place.
 F = Levels seen in this place.
 G = Mean time per level.
                   A        B        C        D        E       F      G
               +--------+--------+--------+--------+--------+-----+--------+
         Total |   2562 |   2476 |     86 |      0 |   1849 |   4 |  640.5 |
       Dungeon |   2562 |   2476 |     86 |      0 |   1849 |   4 |  640.5 |
               +--------+--------+--------+--------+--------+-----+--------+

Top non-repeatable levels by time:
     D:4: 730 daAuts
     D:3: 689 daAuts
     D:2: 625 daAuts
     D:1: 517 daAuts
